 Dungeon Crawl Stone Soup version 0.19.4-8-ga85b6b9 (webtiles) character file.

135779 Lennu the Fencer (level 16, 0/117 HPs)
             Began as a Demonspawn Fighter on Feb 6, 2017.
             Was a High Priest of Okawaru.
             Slain by a ghost crab (1 damage)
             ... on level 4 of the Swamp on Feb 7, 2017.
             The game lasted 02:35:09 (39909 turns).

Lennu the Fencer (Demonspawn Fighter)              Turns: 39909, Time: 02:35:10

Health: 0/117      AC: 45    Str: 20    XL:     16   Next: 65%
Magic:  20/22      EV:  8    Int: 11    God:    Okawaru [*****.]
Gold:   1311       SH: 10    Dex: 19    Spells: 1 memorised, 19 levels left

rFire  + + +     SeeInvis +     u - +7 demon blade (drain)
rCold  . . .     Gourm    .     A - +14 crystal plate armour "Rooreny" {+Inv SInv}
rNeg   + + .     Faith    +     K - +3 buckler
rPois  +         Spirit   .     c - +2 hat {MR+}
rElec  +         Reflect  .     d - +2 cloak of the Shining Light {rPois Slay+2}
rCorr  .         Harm     .     (gloves unavailable)
MR     +++..                    w - +0 pair of boots of Kovviu {*Contam rElec rF++ Int+3}
Stlth  ..........               v - amulet of faith
                                i - ring of positive energy
                                V - +3 ring of strength

@: finesse, drained
A: antennae 1, claws 3, slimy green scales 2, blurry vision 1, demonic guardian
2, dopey 1, fire resistance 1, frail 1, magic resistance 1, mutation resistance
1, negative energy resistance 1, nightstalker 2, no device heal 1
a: Heroism, Finesse, Renounce Religion, Evoke Invisibility


You were on level 4 of the Swamp.
You worshipped Okawaru.
Okawaru was extremely pleased with you.
You were not hungry.

You visited 7 branches of the dungeon, and saw 30 of its levels.
You also visited: Ice Cave.

You collected 2883 gold pieces.
You spent 1572 gold pieces at shops.

Inventory:

Hand Weapons
 u - a +7 demon blade of draining (weapon)
 Y - the +7 falchion "Wyora" {slice, Dex+4}
   (You found it on level 15 of the Dungeon)

   It inflicts extra damage upon your enemies.
   It affects your dexterity (+4).
Armour
 c - a +2 hat of magic resistance (worn)
 d - the +2 cloak of the Shining Light (worn) {rPois Slay+2}
   (Okawaru gifted it to you on level 3 of the Lair of Beasts)

   It affects your accuracy and damage with ranged weapons and melee attacks
   (+2).
   It protects you from poison.
 h - a +2 ring mail of cold resistance
 p - a +1 cloak of invisibility
 w - the +0 pair of boots of Kovviu (worn) {*Contam rElec rF++ Int+3}
   (Okawaru gifted it to you on level 5 of the Lair of Beasts)

   It affects your intelligence (+3).
   It greatly protects you from fire.
   It insulates you from electricity.
   It causes magical contamination when unequipped.
 A - the +14 crystal plate armour "Rooreny" (worn) {+Inv SInv}
   (Okawaru gifted it to you on level 1 of the Swamp)

   It lets you see invisible.
   It lets you turn invisible.
 D - the +9 crystal plate armour of the Monkey {rF+ rN+}
   (Okawaru gifted it to you on level 1 of the Lair of Beasts)

   It protects you from fire.
   It protects you from negative energy.
 K - a +3 buckler (worn)
 P - a +0 buckler of poison resistance
Jewellery
 i - a ring of positive energy (right claw)
 k - an uncursed ring of see invisible
 n - an uncursed ring of protection from cold
 v - an amulet of faith (around neck)
 B - an uncursed ring of protection from magic
 V - a +3 ring of strength (left claw)
Wands
 a - a wand of acid (9/15)
 j - a wand of flame (6/48)
 m - a wand of paralysis (10/24)
 r - a wand of enslavement (18/24)
 y - a wand of random effects (19/48)
 C - a wand of iceblast (8/15)
 E - a wand of flame (26/48)
 U - a wand of heal wounds (4/9)
 W - a wand of lightning (6/15)
 Z - a wand of digging (12/24)
Scrolls
 e - 2 scrolls of fog
 g - 5 scrolls of remove curse
 o - 3 scrolls of magic mapping
 t - a scroll of summoning
 x - 6 scrolls of teleportation
 z - a scroll of enchant weapon
 G - 4 scrolls of recharging
 L - 2 scrolls of enchant armour
 O - a scroll of blinking
 Q - 3 scrolls of fear
Potions
 l - 3 potions of agility
 q - 3 potions of haste
 s - a potion of berserk rage
 F - 4 potions of flight
 H - 3 potions of ambrosia
 J - 6 potions of curing
 M - 2 potions of resistance
 N - 2 potions of heal wounds
 S - 3 potions of might
Comestibles
 b - 23 fruits
 f - 17 bread rations


   Skills:
 * Level 13.3(13.1) Fighting
 * Level 15.7(15.5) Long Blades
 * Level 11.2(11.0) Armour
 * Level 8.9(8.7) Dodging
 - Level 2.6(2.5) Stealth
 * Level 11.4(11.2) Shields
 - Level 3.0(2.8) Spellcasting
 - Level 5.0(4.8) Charms
 * Level 8.5(8.4) Invocations


You had 19 spell levels left.
You knew the following spells:

 Your Spells              Type           Power        Failure   Level  Hunger
a - Shroud of Golubria    Chrm/Tloc      #.........   100%        2    ###....


Dungeon Overview and Level Annotations

Branches:
Dungeon (15/15)            Temple (1/1) D:5            Lair (6/6) D:10
  Swamp (4/4) Lair:2       Spider (1/4) Lair:4        Slime (0/5) Lair:5
    Orc (2/2) D:12            Elf (1/3) Orc:2        Vaults (0/5) D:13
 Depths (0/5) D:15

Altars:
Elyvilon
Fedhas
Gozag
Kikubaaqudgha
Okawaru
Qazlal
Ru
Uskayaw
Vehumet

Shops:
D:6 ?   D:7 *   D:12 ?   D:13 *   D:14 *   Orc:1 ?   Orc:2 (*([

Annotations:
D:15 1 runed door


Innate Abilities, Weirdness & Mutations

You have claws for hands.
You are mostly covered in slimy green scales. (AC +3)
A demonic guardian rushes to your aid.
You resist negative energy. (rN+)
You are significantly more attuned to the shadows.
You have a pair of small antennae on your head.
Scrolls take you a little longer to read.
You are dopey. (Int -2)
Your flesh is heat resistant. (rF+)
You are frail. (-10% HP)
You are resistant to hostile enchantments. (MR+)
You are somewhat resistant to further mutation.
Potions and wands are less effective at restoring your health.


Message History

The spectral alligator snapping turtle bites your orange demon!
You block the ghost crab's attack.
The ghost crab claws you but does no damage.
The spectral tyrant leech bites you but does no damage.
You begin reading the scroll.
You continue reading the scroll.
You are engulfed in spectral mist.
Your orange demon is engulfed in spectral mist.
Your orange demon dies!
The spectral six-headed hydra bites you.
* * * LOW HITPOINT WARNING * * *
You partially resist.
You feel drained.
You block the spectral six-headed hydra's attack. x2
The spectral six-headed hydra bites you but does no damage. x3
The spectral swamp drake bites you but does no damage.
The ghost crab bites you!!
* * * LOW HITPOINT WARNING * * *
The ghost crab claws you!
* * * LOW HITPOINT WARNING * * *
You partially resist.
You feel drained.
You die...

≈≈≈≈≈.♣..≈≈≈.
≈..≈≈≈..≈≈≈≈≈
...≈≈<≈.......≈
≈.≈≈≈♣.....≈≈≈≈♣
≈...♣♣.≈..≈≈≈≈§♣♣ .
.♣.≈♣♣÷÷..≈≈≈§≈.♣ ...
....≈...≈≈≈≈.§§§♣ ♣§♣≈
§≈...≈≈≈≈≈≈≈.≈ZZ♣♣kf..
≈≈≈..≈≈≈≈≈≈≈.§§Z@tD#
≈≈≈.♣.≈≈≈..≈♣♣§Z§♣##
≈≈≈....♣♣♣♣♣♣♣≈..#
≈≈≈≈≈≈♣♣ ♣♣≈♣♣#
.≈≈≈≈≈≈♣♣♣♣♣♣≈≈#
≈.≈≈≈....♣..♣≈♣#
♣≈..§≈...≈)..≈♣
♣♣≈.≈≈≈≈≈≈.§.≈.#
♣.≈≈.≈≈≈≈....≈≈♣


You could see a thorn hunter, a four-headed hydra, a ghost crab, a spectral
tyrant leech, a spectral six-headed hydra, a spectral swamp drake, a spectral
alligator snapping turtle and a swamp drake.

Vanquished Creatures
  Roxanne (D:14)
  The ghost of mora the Tortoise, a journeyman DDFi of Makhleb (D:12)
  The ghost of malin the Severer, a journeyman MiAK of Lugonu (IceCv)
  A yaktaur captain (D:15)
  A vault guard (D:13)
  15 hydras
  An anaconda (Swamp:3)
  A ghost crab (Swamp:4)
  A death knight (D:14)
  3 centaur warriors
  11 death yaks
  An ogre mage (D:15)
  5 alligators
  2 tengu warriors
  A deep elf knight (Orc:2)
  A fire crab (Lair:6)
  3 skeletal warriors
  An unseen horror (shapeshifter) (D:15)
  A spriggan druid (Swamp:4)
  2 unseen horrors
  4 swamp dragons
  3 hill giants
  2 shambling mangroves
  A necromancer (IceCv)
  3 deep elf magi (Orc:2)
  2 orc knights (Orc:2)
  A manticore (D:12)
  12 ugly things
  A wolf spider (Spider:1)
  4 cyclopes
  An orc sorcerer (Orc:2)
  2 centaur zombies
  7 black mambas
  5 elephants (Lair:5)
  24 spiny frogs
  3 gargoyles
  A demonic crawler (Lair:4)
  5 rime drakes
  5 kobold demonologists
  A rime drake (shapeshifter) (D:14)
  10 freezing wraiths
  A yaktaur (D:15)
  A tengu conjurer (D:15)
  8 komodo dragons
  3 polar bears (Lair:6)
  4 tyrant leeches
  2 trolls
  20 hornets
  A meliai (D:15)
  3 jumping spiders
  A hornet (shapeshifter) (D:14)
  7 two-headed ogres
  Prince Ribbit (D:7)
  15 slime creatures
  19 blink frogs
  8 bog bodies
  A meliai zombie (D:13)
  9 hippogriffs
  5 shadows
  2 redbacks (Spider:1)
  A tarantella (Lair:4)
  17 yaks
  30 spriggans
  3 wyverns
  3 wraiths
  2 hogs (Lair:4)
  2 vampires
  3 fire bats (Lair:1)
  3 basilisks
  2 hungry ghosts
  16 vampire mosquitoes
  16 swamp worms
  4 wargs (Orc:2)
  16 insubstantial wisps
  13 water moccasins
  6 porcupines
  3 swamp drakes
  11 ice beasts
  8 sky beasts
  28 orc warriors
  15 ogres
  8 black bears
  An eye of draining (D:10)
  2 phantoms
  A necrophage (D:7)
  23 centaurs
  2 boggarts (Lair:6)
  35 wolves
  4 big kobolds
  10 crocodiles
  19 bullfrogs
  6 scorpions
  A swamp dragon simulacrum (IceCv)
  2 elephant simulacra (IceCv)
  24 killer bees
  6 wights
  An electric eel (D:9)
  A draconian simulacrum (IceCv)
  3 crimson imps
  A quasit (D:15)
  3 bullfrog zombies (D:12)
  A centaur skeleton (D:9)
  6 jellies
  22 orc wizards
  A gnoll shaman (D:10)
  8 hounds
  14 orc priests
  Jessica (D:3)
  6 iguanas
  Natasha (thrice) (D:3)
  4 spriggan simulacra (IceCv)
  9 troll simulacra (IceCv)
  9 worker ants
  A wolf simulacrum (IceCv)
  A centaur simulacrum (IceCv)
  4 hound skeletons
  A worker ant zombie (D:11)
  9 gnolls
  3 naga simulacra (IceCv)
  22 adders
  2 ogre simulacra (IceCv)
  4 shadow imps
  12 white imps (IceCv)
  5 oozes
  An adder skeleton (D:6)
  2 worms (D:3)
  3 dart slugs
  7 leopard geckos
  84 orcs
  5 ball pythons
  5 bats
  9 giant cockroaches
  8 goblins
  4 hobgoblins
  6 jackals
  13 kobolds
  3 quokkas
  6 frilled lizards
  A quokka zombie (D:5)
  10 rats
  A fungus (Swamp:3)
  3 plants (Swamp:1)
936 creatures vanquished.

Vanquished Creatures (collateral kills)
  A thorn hunter (Swamp:2)
  Kirke (Lair:4)
  A fire dragon (D:15)
  A yaktaur captain (D:15)
  Josephine (Lair:5)
  A hydra (D:12)
  2 death yaks
  A hill giant (D:11)
  2 orb spiders (Spider:1)
  An ugly thing (Swamp:4)
  An orc sorcerer (Orc:2)
  An elephant (Lair:5)
  Maurice (D:8)
  An ice statue (IceCv)
  A spiny frog (Lair:6)
  A centaur skeleton (D:12)
  Psyche (D:10)
  A centaur zombie (D:15)
  3 freezing wraiths
  The ghost of Naksu the Slasher, an amateur MiBe of Trog (D:4)
  A troll (D:11)
  The ghost of DragonMASH the Conjurer, an amateur DrCj (D:3)
  A hornet (Swamp:3)
  A two-headed ogre (D:9)
  A slime creature (D:14)
  5 hippogriffs
  6 blink frogs
  A redback (Spider:1)
  A tarantella (Spider:1)
  2 spriggans
  7 yaks
  3 wraiths (Lair:5)
  A wyvern (D:15)
  Sigmund (D:3)
  A hog (Lair:4)
  A hungry ghost (D:12)
  Menkaure (D:4)
  2 insubstantial wisps (Swamp:3)
  A swamp worm (Swamp:3)
  A water moccasin (Lair:1)
  An ogre (D:3)
  4 orc warriors
  A wolf (Lair:2)
  A boggart (Lair:6)
  2 crocodiles
  A big kobold (D:14)
  3 bullfrogs
  5 killer bees
  3 wights (D:6)
  2 electric eels (Lair:3)
  A bullfrog zombie (D:10)
  2 jellies (Lair:5)
  2 orc wizards
  An iguana (D:10)
  2 worker ants
  2 adders
  2 oozes (Lair:5)
  5 orcs
  A giant cockroach (D:3)
  A kobold (D:12)
105 creatures vanquished.

Vanquished Creatures (others)
  A hydra (Swamp:3)
  An elephant (Lair:5)
  A tyrant leech (Swamp:3)
  A human (Lair:4)
  A water moccasin (Swamp:3)
  A centaur (Orc:2)
  7 fungi
  4 plants
17 creatures vanquished.

Grand Total: 1058 creatures vanquished

Notes
Turn   | Place    | Note
-------+----------+-------------------------------------------
     0 | D:1      | Lennu the Demonspawn Fighter began the quest for the Orb.
     0 | D:1      | Reached XP level 1. HP: 18/18 MP: 1/1
   109 | D:1      | Gained mutation: A weak demonic guardian rushes to your aid. [demonic ancestry]
   109 | D:1      | Reached XP level 2. HP: 24/24 MP: 2/2
   569 | D:1      | Reached skill level 2 in Long Blades
   773 | D:2      | Reached XP level 3. HP: 24/29 MP: 3/3
  1357 | D:2      | Gained mutation: You are partially covered in slimy green scales. (AC +2) [demonic ancestry]
  1357 | D:2      | Reached XP level 4. HP: 35/35 MP: 4/4
  2260 | D:3      | Noticed Sigmund
  2267 | D:3      | Killed Sigmund
  2267 | D:3      | Reached skill level 3 in Long Blades
  2267 | D:3      | Reached skill level 1 in Dodging
  2267 | D:3      | Gained mutation: You have sharp fingernails. [demonic ancestry]
  2267 | D:3      | Reached XP level 5. HP: 40/41 MP: 5/5
  2387 | D:3      | Noticed Natasha
  2429 | D:3      | Killed Natasha
  2752 | D:3      | Noticed Natasha
  2757 | D:3      | Killed Natasha
  2830 | D:3      | Noticed DragonMASH's ghost (amateur DrCj)
  2838 | D:3      | Killed DragonMASH's ghost
  2838 | D:3      | Gained mutation: A demonic guardian rushes to your aid. [demonic ancestry]
  2838 | D:3      | Reached XP level 6. HP: 47/48 MP: 6/6
  2921 | D:3      | Noticed Natasha
  2936 | D:3      | Killed Natasha
  3199 | D:3      | Reached skill level 4 in Long Blades
  3310 | D:3      | Gained mutation: You are slightly more attuned to the shadows. [demonic ancestry]
  3310 | D:3      | Reached XP level 7. HP: 46/54 MP: 7/7
  3616 | D:3      | Noticed Jessica
  3628 | D:3      | Killed Jessica
  3824 | D:4      | Noticed Naksu's ghost (amateur MiBe)
  4213 | D:4      | Noticed Menkaure
  4216 | D:4      | Killed Menkaure
  4408 | D:4      | Reached skill level 5 in Long Blades
  4769 | D:4      | Killed Naksu's ghost
  4769 | D:4      | Gained mutation: You have very sharp fingernails. [demonic ancestry]
  4769 | D:4      | Reached XP level 8. HP: 42/61 MP: 8/8
  4871 | D:5      | Entered Level 5 of the Dungeon
  4931 | D:5      | Reached skill level 5 in Shields
  4966 | D:5      | Found a staircase to the Ecumenical Temple.
  4972 | Temple   | Entered the Ecumenical Temple
  5003 | Temple   | Became a worshipper of Warmaster Okawaru
  5780 | D:6      | Reached skill level 5 in Armour
  5818 | D:6      | Found Toushry's Magic Scroll Shoppe.
  5824 | D:6      | Bought a scroll of identify for 26 gold pieces
  5824 | D:6      | Bought a scroll of identify for 26 gold pieces
  5824 | D:6      | Bought a scroll of identify for 26 gold pieces
  5824 | D:6      | Bought a scroll of identify for 26 gold pieces
  5824 | D:6      | Bought a scroll of enchant weapon for 97 gold pieces
  6161 | D:6      | Reached skill level 6 in Long Blades
  6301 | D:6      | Reached * piety under Okawaru
  6455 | D:6      | Reached skill level 5 in Fighting
  7322 | D:6      | Gained mutation: Your muscles are strong. (Str +2) [mutagenic meat]
  7323 | D:6      | Gained mutation: You are frail. (-10% HP) [mutagenic meat]
  7324 | D:6      | Gained mutation: You tend to lose your temper in combat. [mutagenic meat]
  7325 | D:6      | Lost mutation: Your muscles are strong. (Str +2) [mutagenic meat]
  7326 | D:6      | Gained mutation: Your muscles are strong. (Str +2) [mutagenic meat]
  7365 | D:7      | Reached XP level 9. HP: 61/61 MP: 9/9
  7370 | D:7      | Gained mutation: You are very frail. (-20% HP) [mutagenic meat]
  7371 | D:7      | Gained mutation: You have supernaturally acute eyesight. (SInv) [mutagenic meat]
  7372 | D:7      | Gained mutation: Your muscles are very strong. (Str +4) [mutagenic meat]
  7373 | D:7      | Gained mutation: Your flesh is heat resistant. (rF+) [mutagenic meat]
  7374 | D:7      | Gained mutation: Your body sometimes deteriorates upon taking damage. [mutagenic meat]
  7572 | D:7      | Reached skill level 7 in Long Blades
  7608 | D:7      | Reached ** piety under Okawaru
  7722 | D:7      | Found Imash's General Store.
  7781 | D:7      | Lost mutation: You tend to lose your temper in combat. [potion of cure mutation]
  7781 | D:7      | Lost mutation: You are very frail. (-20% HP) [potion of cure mutation]
  7781 | D:7      | Lost mutation: You have supernaturally acute eyesight. (SInv) [potion of cure mutation]
  7781 | D:7      | Lost mutation: You are frail. (-10% HP) [potion of cure mutation]
  7916 | D:7      | Noticed Prince Ribbit
  7921 | D:7      | Killed Prince Ribbit
  7923 | D:7      | Reached skill level 8 in Long Blades
  8332 | D:7      | Reached *** piety under Okawaru
  9369 | D:8      | Noticed Maurice
  9379 | D:8      | Killed Maurice
  9379 | D:8      | Reached **** piety under Okawaru
  9379 | D:8      | Reached skill level 9 in Long Blades
  9379 | D:8      | Gained mutation: You are significantly more attuned to the shadows. [demonic ancestry]
  9379 | D:8      | Reached XP level 10. HP: 62/76 MP: 10/10
 11461 | D:9      | Gained mutation: You have a pair of small horns on your head. [mutagenic meat]
 12158 | D:10     | Entered Level 10 of the Dungeon
 12171 | D:9      | Reached skill level 10 in Long Blades
 12194 | D:10     | Got a brightly glowing scale mail
 12203 | D:10     | Reached ***** piety under Okawaru
 12219 | D:10     | Identified the +2 scale mail of Experimentation {rElec Str+3} (You found it on level 10 of the Dungeon)
 12797 | D:10     | Found a staircase to the Lair.
 13087 | D:10     | Reached skill level 1 in Stealth
 13101 | D:10     | Gained mutation: You are mostly covered in slimy green scales. (AC +3) [demonic ancestry]
 13101 | D:10     | Reached XP level 11. HP: 84/84 MP: 11/11
 13341 | D:10     | Reached skill level 11 in Long Blades
 13633 | D:10     | Learned a level 2 spell: Shroud of Golubria
 13659 | D:10     | Noticed Psyche
 13664 | D:10     | Killed Psyche
 14389 | D:10     | Received a gift from Okawaru
 14491 | D:11     | Noticed a green ugly thing
 14498 | D:11     | Killed a green ugly thing
 14503 | D:11     | Gained mutation: You occasionally shout uncontrollably at your foes. [mutagenic meat]
 14522 | D:11     | Noticed a hill giant
 14527 | D:11     | Killed a hill giant
 14527 | D:11     | Reached skill level 1 in Spellcasting
 14791 | D:11     | Noticed a brown ugly thing
 14797 | D:11     | Killed a brown ugly thing
 15814 | D:12     | Noticed mora's ghost (journeyman DDFi)
 15846 | D:12     | Killed mora's ghost
 15846 | D:12     | Received a gift from Okawaru
 15846 | D:12     | Reached skill level 5 in Dodging
 16181 | D:12     | Found a staircase to the Orcish Mines.
 16437 | D:12     | Noticed a six-headed hydra
 16472 | D:12     | Killed a six-headed hydra
 17245 | D:12     | Reached XP level 12. HP: 85/93 MP: 15/15
 17468 | D:12     | Gained mutation: You have a pair of horns on your head. [mutagenic meat]
 17469 | D:12     | Lost mutation: You have a pair of horns on your head. [mutagenic meat]
 17470 | D:12     | Gained mutation: You are dopey. (Int -2) [mutagenic meat]
 17669 | D:12     | Found Kofeuc Sill's Magic Scroll Boutique.
 17675 | D:12     | Bought a scroll of teleportation for 39 gold pieces
 17675 | D:12     | Bought a scroll of blinking for 97 gold pieces
 17845 | Lair:1   | Entered Level 1 of the Lair of Beasts
 17853 | Lair:1   | Reached skill level 12 in Long Blades
 17862 | Lair:1   | Identified a scroll of acquirement
 17920 | Lair:1   | Found a frozen archway.
 17926 | IceCv    | Entered an ice cave
 18146 | IceCv    | Noticed malin's ghost (journeyman MiAK)
 18188 | IceCv    | Reached skill level 1 in Charms
 18192 | IceCv    | Received a gift from Okawaru
 18199 | IceCv    | Killed malin's ghost
 18199 | IceCv    | Reached ****** piety under Okawaru
 18692 | IceCv    | HP: 3/95 [white imp/puff of frost (4)]
 19239 | IceCv    | Found an ancient bone altar of Kikubaaqudgha.
 20017 | Lair:1   | Received a gift from Okawaru
 20020 | Lair:1   | Got a scorched crystal plate armour {god gift}
 20037 | Lair:1   | Identified the +9 crystal plate armour of the Monkey {rF+ rN+} (Okawaru gifted it to you on level 1 of the Lair of Beasts)
 20984 | Lair:2   | Noticed a four-headed hydra
 21008 | Lair:2   | Killed a five-headed hydra
 21008 | Lair:2   | Reached XP level 13. HP: 87/101 MP: 17/17
 21269 | Lair:2   | Reached skill level 13 in Long Blades
 22176 | Lair:2   | Found a staircase to the Swamp.
 22541 | Lair:3   | Received a gift from Okawaru
 22851 | Lair:3   | Reached skill level 10 in Fighting
 23252 | Lair:3   | Got a polished scale mail
 23265 | Lair:3   | Identified the cursed +1 scale mail of Catatonia {rN+ Int+2} (You found it on level 3 of the Lair of Beasts)
 23451 | Lair:3   | Received a gift from Okawaru
 23469 | Lair:3   | Got a shimmering cloak {god gift}
 23480 | Lair:3   | Identified the +2 cloak of the Shining Light {rPois Slay+2} (Okawaru gifted it to you on level 3 of the Lair of Beasts)
 24345 | Lair:4   | Found a radiant altar of Vehumet.
 24369 | Lair:4   | Noticed Kirke
 24374 | Lair:4   | Noticed a sphinx
 24381 | Lair:4   | Reached skill level 1 in Invocations
 24382 | Lair:4   | Killed Kirke
 24473 | Lair:4   | Found a hole to the Spider Nest.
 25086 | Lair:5   | Noticed Josephine
 25093 | Lair:5   | Killed Josephine
 25300 | Lair:5   | Found a staircase to the Slime Pits.
 25382 | Lair:5   | Gained mutation: You have claws for hands. [demonic ancestry]
 25382 | Lair:5   | Reached XP level 14. HP: 111/111 MP: 18/18
 25607 | Lair:5   | Received a gift from Okawaru
 25610 | Lair:5   | Got a pair of twisted boots {god gift}
 25621 | Lair:5   | Identified the +0 pair of boots of Kovviu {*Contam rElec rF++ Int+3} (Okawaru gifted it to you on level 5 of the Lair of Beasts)
 26234 | Lair:6   | Entered Level 6 of the Lair of Beasts
 26267 | Lair:6   | Reached skill level 14 in Long Blades
 27160 | Lair:6   | Reached skill level 5 in Charms
 27438 | Lair:6   | Received a gift from Okawaru
 28175 | Spider:1 | Entered Level 1 of the Spider Nest
 28224 | Spider:1 | Reached skill level 10 in Armour
 28564 | Lair:4   | Received a gift from Okawaru
 28863 | Orc:1    | Entered Level 1 of the Orcish Mines
 28863 | Orc:1    | Found Uhey's Magic Scroll Shop.
 28870 | Orc:1    | Bought a scroll of teleportation for 33 gold pieces
 28870 | Orc:1    | Bought a scroll of teleportation for 33 gold pieces
 28870 | Orc:1    | Bought a scroll of blinking for 82 gold pieces
 29495 | Orc:2    | Entered Level 2 of the Orcish Mines
 29585 | Orc:2    | Found Gicu's Weapon Emporium.
 29585 | Orc:2    | Found Kutev's Assorted Antiques.
 29585 | Orc:2    | Found Fimn's Weapon Shop.
 29594 | Orc:2    | Found Vejy's Armour Shoppe.
 29647 | Orc:2    | Bought a warped chain mail for 247 gold pieces
 29647 | Orc:2    | Bought a shiny buckler for 273 gold pieces
 29661 | Orc:2    | Identified the +3 chain mail of Grace {*Drain rF- Dex+8} (You bought it in a shop on level 2 of the Orcish Mines)
 30262 | Orc:2    | Found a staircase to the Elven Halls.
 30420 | Orc:2    | Paralysed by an orc sorcerer for 7 turns
 30626 | Elf:1    | Entered Level 1 of the Elven Halls
 30642 | Orc:2    | Gained mutation: You resist negative energy. (rN+) [demonic ancestry]
 30642 | Orc:2    | Reached XP level 15. HP: 101/119 MP: 19/19
 30848 | D:13     | Reached skill level 5 in Invocations
 31326 | D:13     | Gained mutation: You are resistant to hostile enchantments. (MR+) [mutagenic meat]
 31327 | D:13     | Gained mutation: Your body often deteriorates upon taking damage. [mutagenic meat]
 31394 | D:13     | Received a gift from Okawaru
 31485 | D:13     | Found Ledustruc's Assorted Antiques.
 31491 | D:13     | Bought a potion of curing for 90 gold pieces
 31491 | D:13     | Bought 2 potions of curing for 180 gold pieces
 31579 | D:13     | Found a gate to the Vaults.
 32010 | D:14     | Found Titzovidgh's Assorted Antiques.
 32021 | D:14     | Bought a slimy falchion for 264 gold pieces
 32022 | D:14     | Identified the cursed +0 falchion of Revolt {speed, *Corrode rC+ Dex+3} (You bought it in a shop on level 14 of the Dungeon)
 32027 | D:14     | Bought a scroll labeled PITHRY NAMMIL for 33 gold pieces
 32195 | D:14     | Noticed Roxanne
 32232 | D:14     | Killed Roxanne
 32233 | D:14     | Identified Roxanne's Incunabulum of Shape Shifting (You took it off Roxanne on level 14 of the Dungeon)
 32678 | D:14     | Reached skill level 10 in Shields
 33028 | D:14     | Found a blossoming altar of Fedhas.
 33218 | D:15     | Entered Level 15 of the Dungeon
 33253 | D:15     | Lost mutation: You occasionally shout uncontrollably at your foes. [potion of cure mutation]
 33253 | D:15     | Lost mutation: Your body often deteriorates upon taking damage. [potion of cure mutation]
 33253 | D:15     | Lost mutation: Your muscles are very strong. (Str +4) [potion of cure mutation]
 33253 | D:15     | Lost mutation: Your body sometimes deteriorates upon taking damage. [potion of cure mutation]
 33253 | D:15     | Lost mutation: Your muscles are strong. (Str +2) [potion of cure mutation]
 33253 | D:15     | Lost mutation: You have a pair of small horns on your head. [potion of cure mutation]
 33625 | D:15     | Reached skill level 15 in Long Blades
 33642 | D:15     | Received a gift from Okawaru
 34174 | D:15     | Found a staircase to the Depths.
 34257 | D:15     | Gained mutation: You have a pair of small antennae on your head. [mutagenic meat]
 34258 | D:15     | Gained mutation: You are frail. (-10% HP) [mutagenic meat]
 34259 | D:15     | Gained mutation: You are somewhat resistant to further mutation. [mutagenic meat]
 34261 | D:15     | Gained mutation: Scrolls take you a little longer to read. [mutagenic meat]
 34448 | D:15     | Got a bloodstained falchion
 34449 | D:15     | Identified the +7 falchion "Wyora" {slice, Dex+4} (You found it on level 15 of the Dungeon)
 34538 | D:15     | Found a runed door.
 34539 | D:15     | Noticed a frost giant
 34540 | D:15     | Noticed a fire giant
 35451 | Swamp:1  | Entered Level 1 of the Swamp
 35602 | Swamp:1  | Got an ichor-stained chain mail
 35613 | Swamp:1  | Identified the +3 chain mail "Kaizeot" {rPois Str-5 Int+2 Dex+3} (You found it on level 1 of the Swamp)
 36647 | Swamp:1  | Received a gift from Okawaru
 36650 | Swamp:1  | Got a twisted crystal plate armour {god gift}
 36663 | Swamp:1  | Identified the +14 crystal plate armour "Rooreny" {+Inv SInv} (Okawaru gifted it to you on level 1 of the Swamp)
 36699 | Swamp:2  | Reached XP level 16. HP: 110/116 MP: 21/21
 37319 | Swamp:2  | Noticed a thorn hunter
 37335 | Swamp:2  | Killed a thorn hunter
 38121 | Swamp:3  | Received a gift from Okawaru
 39278 | Swamp:4  | Entered Level 4 of the Swamp
 39568 | Swamp:4  | Gained mutation: Potions and wands are less effective at restoring your health. [mutagenic meat]
 39908 | Swamp:4  | Noticed a thorn hunter
 39909 | Swamp:4  | HP: 1/117 [ghost crab (15)]
 39909 | Swamp:4  | Slain by a ghost crab

Skill      XL: |  1  2  3  4  5  6  7  8  9 10 11 12 13 14 15 16 |
---------------+-------------------------------------------------+-----
Shields        | 3 4 5 6 7 8 9 10 11 | 11.4
Long Blades    | 2 3 4 5 6 9 10 11 12 13 14 15 | 15.7
Armour         | 3 4 5 6 7 8 9 10 11 | 11.2
Dodging        | 1 2 3 4 5 6 7 8 |  8.9
Fighting       | 4 5 6 7 8 9 10 11 12 13 | 13.3
Stealth        | 1 2 |  2.6
Spellcasting   | 2 3 |  3.0
Charms         | 2 4 5 |  5.0
Invocations    | 2 4 7 8 |  8.5

Action                   |  1- 3 |  4- 6 |  7- 9 | 10-12 | 13-15 | 16-18 || total
-------------------------+-------+-------+-------+-------+-------+-------++-------
Melee: Long sword        |   110 |   183 |   264 |       |       |       ||   557
       Great sword       |       |       |   228 |   226 |       |       ||   454
       Scimitar          |       |       |       |   119 |       |       ||   119
       Headbutt          |       |       |       |   186 |   342 |       ||   528
       Demon blade       |       |       |       |   458 |  1488 |   544 ||  2490
Invok: Heroism           |       |       |       |     2 |     1 |       ||     3
       Finesse           |       |       |       |       |     8 |     8 ||    16
  Use: Scroll            |     3 |     2 |    11 |    14 |    14 |       ||    44
       Potion            |       |     2 |     3 |     8 |     5 |       ||    18
 Stab: Distracted        |       |       |     1 |     6 |     4 |     2 ||    13
       Sleeping          |       |       |       |     9 |       |       ||     9
  Eat: Chunk             |     2 |     6 |    20 |    23 |    52 |     3 ||   106
       Meat ration       |       |       |     2 |     3 |     4 |     2 ||    11
       Pizza             |       |       |     1 |     1 |     1 |       ||     3
       Beef jerky        |       |       |     1 |       |     1 |       ||     2
       Bread ration      |       |       |       |     1 |       |       ||     1
Armor: Scale mail        |    11 |       |       |   139 |       |       ||   150
       Chain mail        |    53 |    94 |   344 |   122 |       |       ||   613
       Crystal plate arm |       |       |       |    33 |   882 |   395 ||  1310
       Ring mail         |       |       |       |    30 |       |       ||    30
Dodge: Dodged            |    28 |    30 |   193 |   374 |   329 |   140 ||  1094
Block: Shield            |    46 |    81 |   128 |       |       |       ||   255
       Buckler           |       |       |       |   194 |   554 |   213 ||   961
       Rpst.: Long sword |    12 |    11 |    14 |       |       |       ||    37
       Great sword       |       |       |    46 |    34 |       |       ||    80
       Scimitar          |       |       |       |     2 |       |       ||     2
       Demon blade       |       |       |       |    51 |    87 |    23 ||   161
